[Event "Titled Tuesday Blitz January 10 Early 2023"]
[White "Osinovsky, Stepan"]
[Black "Vaglio Munoz, Jaime"]
[WhiteFideId "4157354"]
[BlackFideId "6500145"]
[WhiteElo "2241"]
[BlackElo "2174"]
[Result "1-0"]
[Round "10"]
[TimeControl "180+2"]
[Date "2023.01.10"]
[WhiteClock "0:00:16"]
[BlackClock "0:00:34"]

1. e4 c5 2. Nf3 Qa5 3. g3 Nf6 4. e5 Nd5 5. Bg2 e6 6. O-O Nc6 7. Nc3 Nxc3 8. dxc3 Be7 9. Bg5 Bxg5 10. Nxg5 Nxe5 11. Qh5 h6 12. Rfe1 Ng6 13. Nxf7 Kxf7 14. Be4 Ke7 15. Qxg6 Rg8 16. Rad1 Qd8 17. f4 Qf8 18. Bg2 Qf6 19. Qd3 Kf7 20. f5 Ke8 21. fxe6 dxe6 22. Bxb7 Bxb7 23. Qd7+ Kf8 24. Qxb7 Re8 25. Rf1 Re7 26. Rxf6+ gxf6 27. Rd7 Kf7 28. Rxe7+ Kg6 29. Rxe6 Kf5 30. Qd5+ Kg6 31. Qe4+ Kh5 32. Rxf6 Rg5 33. Qh4# 1-0


[Site "https://www.chess.com"]

[Event "Titled Tuesday Blitz January 10 Early 2023"]
[White "Slovineanu, Viacheslav"]
[Black "Dinu, Dumitru-Daniel"]
[WhiteFideId "13900510"]
[BlackFideId "1208403"]
[WhiteElo "2412"]
[BlackElo "2203"]
[Result "0-1"]
[Round "10"]
[TimeControl "180+2"]
[Date "2023.01.10"]
[WhiteClock "0:00:11"]
[BlackClock "0:00:34"]

1. e4 c6 2. d4 d5 3. e5 Bf5 4. Nc3 e6 5. g4 Bg6 6. Nge2 c5 7. h4 h5 8. Nf4 Bh7 9. Nxh5 Nc6 10. Be3 cxd4 11. Bxd4 Nxd4 12. Qxd4 Qc7 13. Bb5+ Kd8 14. Rh3 Bc5 15. Qd2 a6 16. Nxd5 exd5 17. Qxd5+ Ke7 18. Bc4 Nh6 19. Rf3 Rhf8 20. Nxg7 Rad8 21. Rxf7+ Rxf7 22. Qe6+ Kf8 23. Nf5 Nxf5 24. gxf5 Rxf5 25. Qh6+ Qg7 26. Qe6 Bxf2+ 27. Ke2 Qg4+ 0-1


[Site "https://www.chess.com"]

[Event "Titled Tuesday Blitz January 10 Early 2023"]
[White "Jenkins, Drake"]
[Black "Fernandez, Michael"]
[WhiteFideId "2022397"]
[BlackFideId "5803560"]
[WhiteElo "2130"]
[BlackElo "2181"]
[Result "0-1"]
[Round "10"]
[TimeControl "180+2"]
[Date "2023.01.10"]
[WhiteClock "0:00:01"]
[BlackClock "0:00:21"]

1. Nf3 Nf6 2. c4 c6 3. g3 d5 4. Bg2 g6 5. O-O Bg7 6. d3 O-O 7. Nbd2 dxc4 8. Nxc4 Nbd7 9. Bd2 Nd5 10. Rc1 N5b6 11. b4 Nxc4 12. dxc4 Nf6 13. Be3 Ng4 14. Qxd8 Rxd8 15. Bg5 f6 16. h3 fxg5 17. hxg4 h6 18. Nh2 Be6 19. b5 Rd2 20. bxc6 bxc6 21. Bxc6 Rc8 22. Bd5 Rxe2 23. Rfe1 Rxe1+ 24. Rxe1 Bxd5 25. cxd5 Kf7 26. Re2 Rc1+ 27. Nf1 Rd1 28. Rd2 Rxd2 29. Nxd2 e6 30. dxe6+ Kxe6 31. f4 gxf4 32. gxf4 Kd5 33. Kf2 a5 34. f5 gxf5 35. gxf5 a4 36. Kf3 h5 37. Ne4 Kc4 38. f6 Bf8 39. Ng5 Kc3 0-1


[Site "https://www.chess.com"]

[Event "Titled Tuesday Blitz January 10 Early 2023"]
[White "Donskov, Anatoly"]
[Black "Ciuffoletti, Paolo"]
[WhiteFideId "24143413"]
[BlackFideId "807630"]
[WhiteElo "2279"]
[BlackElo "2106"]
[Result "1-0"]
[Round "10"]
[TimeControl "180+2"]
[Date "2023.01.10"]
[WhiteClock "0:00:45"]
[BlackClock "0:00:01"]

1. e4 c5 2. Nf3 Nc6 3. Bb5 e6 4. Bxc6 bxc6 5. d3 Ne7 6. Nbd2 Ng6 7. h4 h5 8. e5 Qc7 9. Qe2 Be7 10. Nc4 Ba6 11. Bg5 f6 12. Qe4 f5 13. Qe2 Bxc4 14. dxc4 Bxg5 15. hxg5 Rb8 16. O-O-O Qa5 17. Kb1 Qc3 18. b3 a5 19. Rd3 Qb4 20. g3 a4 21. Rhd1 Rb7 22. Kb2 axb3 23. Rxb3 O-O 24. Rxb4 Rxb4+ 25. Ka1 Rfb8 26. c3 Ra4 27. Rxd7 Ra3 28. Qd2 Rbb3 29. Rd8+ Kh7 30. Rd3 Ra6 31. Qd1 Rba3 32. Qc2 1-0


[Site "https://www.chess.com"]

[Event "Titled Tuesday Blitz January 10 Early 2023"]
[White "Szyszylo, Rafal"]
[Black "Skurikhin, Dmitrij"]
[WhiteFideId "1109626"]
[BlackFideId "4161297"]
[WhiteElo "2091"]
[BlackElo "2297"]
[Result "1-0"]
[Round "10"]
[TimeControl "180+2"]
[Date "2023.01.10"]
[WhiteClock "0:00:15"]
[BlackClock "0:00:59"]

1. e4 e6 2. d4 d5 3. e5 c5 4. c3 Nc6 5. Nf3 Qb6 6. Be2 cxd4 7. cxd4 Bd7 8. O-O Nge7 9. Na3 Nf5 10. Nc2 Be7 11. a3 g5 12. b4 g4 13. Nfe1 Ncxd4 14. Bxg4 Rg8 15. h3 Bb5 16. Nd3 Rc8 17. Nce1 Nh4 18. Be3 h5 19. Bxh5 Rxg2+ 20. Nxg2 Nxg2 21. Kxg2 Rc3 22. Be2 f6 23. a4 Bc4 24. a5 Qb5 25. Bxd4 Bxd3 26. Bxc3 Bxe2 27. Qd4 fxe5 28. Qxe5 Qd3 29. Qe3 Qg6+ 30. Qg3 Qe4+ 31. Kg1 Bh4 32. Qg8+ Kd7 33. Rfe1 Qf3 34. Rxe2 Qxe2 35. Qh7+ Be7 36. Bf6 Kc6 37. Bxe7 d4 38. Rc1+ Kb5 39. Qc2 Qe5 40. Qc4+ Ka4 41. b5+ Kxa5 42. Bd8+ b6 43. Ra1# 1-0


[Site "https://www.chess.com"]

[Event "Titled Tuesday Blitz January 10 Early 2023"]
[White "AidenRchess"]
[Black "Lauridsen, Jesper Morch"]
[BlackFideId "1401890"]
[WhiteElo "2385"]
[BlackElo "2309"]
[Result "1-0"]
[Round "10"]
[TimeControl "180+2"]
[Date "2023.01.10"]
[WhiteClock "0:00:03"]
[BlackClock "0:00:02"]

1. e4 c5 2. Nf3 d6 3. d4 cxd4 4. Nxd4 Nf6 5. Nc3 g6 6. Be3 Bg7 7. f3 Nc6 8. Qd2 Bd7 9. Bc4 Rc8 10. Bb3 Nxd4 11. Bxd4 b5 12. O-O-O a5 13. Nd5 O-O 14. Bb6 Qe8 15. Qxa5 Nxd5 16. exd5 e5 17. dxe6 Bxe6 18. Bxe6 Qxe6 19. a3 Qc4 20. c3 Qa2 21. Be3 Rfe8 22. Bd2 Re2 23. Rhe1 Rxg2 24. Qa6 Rf8 25. Qxd6 Bh6 26. Re4 Qb3 27. Rd4 Re8 28. Kb1 Qxd1+ 29. Ka2 Qxf3 30. Bxh6 Qe2 31. Rd2 Qc4+ 32. b3 1-0


[Site "https://www.chess.com"]

[Event "Titled Tuesday Blitz January 10 Early 2023"]
[White "Ghosh, Chanchal Kumer"]
[Black "Buscar, Michael"]
[WhiteFideId "10201858"]
[BlackFideId "2603616"]
[WhiteElo "2020"]
[BlackElo "2041"]
[Result "0-1"]
[Round "10"]
[TimeControl "180+2"]
[Date "2023.01.10"]
[WhiteClock "0:00:05"]
[BlackClock "0:01:19"]

1. e4 c5 2. Nf3 Nc6 3. d4 cxd4 4. Nxd4 Nf6 5. Nc3 e5 6. Ndb5 h6 7. Nd5 Nxd5 8. exd5 a6 9. dxc6 axb5 10. cxd7+ Bxd7 11. Qd5 Qc7 12. Bxb5 Qa5+ 13. Bd2 Qxb5 14. Qxb5 Bxb5 15. a3 Be7 16. O-O-O O-O 17. Bc3 f6 18. Rhe1 Bc5 19. Rd5 Rfc8 20. f4 exf4 21. Kb1 Bc4 22. Rd7 b5 23. Re4 Re8 24. Rxe8+ Rxe8 25. b3 Be6 26. Rb7 Bxa3 27. Rxb5 Bf8 28. Rb7 Bd5 29. Rb5 Bxg2 30. b4 f3 31. Rf5 Kf7 32. Kb2 Kg6 33. Rf4 Kg5 34. Bd2 Kg6 35. c4 Re2 36. Kc1 f2 0-1


[Site "https://www.chess.com"]

[Event "Titled Tuesday Blitz January 10 Early 2023"]
[White "Chos, Alexey"]
[Black "Levine, David"]
[WhiteFideId "14117762"]
[BlackFideId "2011611"]
[WhiteElo "2296"]
[BlackElo "2040"]
[Result "1-0"]
[Round "10"]
[TimeControl "180+2"]
[Date "2023.01.10"]
[WhiteClock "0:01:16"]
[BlackClock "0:00:11"]

1. Nf3 d5 2. c4 e6 3. g3 Nf6 4. Bg2 Be7 5. O-O O-O 6. d4 dxc4 7. Ne5 c5 8. dxc5 Bxc5 9. Qxd8 Rxd8 10. Nxc4 Nc6 11. Nc3 Bd7 12. Bg5 Be7 13. Rad1 Rac8 14. Nd6 Rb8 15. Bf4 Nh5 16. Be3 b6 17. Ndb5 a6 18. Nc7 a5 19. Na6 Rbc8 20. Bxb6 Ne5 21. Bxd8 Bxd8 22. h3 Be8 23. Ne4 Nc4 24. b3 Na3 25. Nd6 1-0


[Site "https://www.chess.com"]

[Event "Titled Tuesday Blitz January 10 Early 2023"]
[White "Mendez Machado, Andre"]
[Black "Rian, Kapriaga"]
[WhiteFideId "6603793"]
[BlackFideId "7103263"]
[WhiteElo "1974"]
[BlackElo "2089"]
[Result "0-1"]
[Round "10"]
[TimeControl "180+2"]
[Date "2023.01.10"]
[WhiteClock "0:00:10"]
[BlackClock "0:00:18"]

1. e4 c6 2. d4 d5 3. f3 e6 4. Nc3 Bb4 5. Bd2 Nd7 6. Bd3 Ne7 7. a3 Bxc3 8. Bxc3 O-O 9. Nh3 b6 10. O-O a5 11. f4 Ba6 12. Qe2 Bxd3 13. cxd3 Re8 14. b4 a4 15. Kh1 b5 16. Rae1 h6 17. Bd2 f5 18. g4 fxe4 19. dxe4 dxe4 20. Qxe4 Nd5 21. g5 Qe7 22. gxh6 gxh6 23. Rg1+ Kh8 24. Qf3 Qf7 25. Ref1 Rg8 26. Qe4 Qf5 27. Qe2 Qxh3 28. Rxg8+ Rxg8 29. f5 exf5 30. Rf3 Qg4 31. Qf2 f4 32. Bxf4 Nxf4 33. Rxf4 Qd1+ 34. Qf1 Qxf1+ 35. Rxf1 Rg4 36. Rf8+ Nxf8 0-1


[Site "https://www.chess.com"]

[Event "Titled Tuesday Blitz January 10 Early 2023"]
[White "Flis, Pawel"]
[Black "Sargissyan, Sargis"]
[WhiteFideId "1112864"]
[BlackFideId "13303210"]
[WhiteElo "1879"]
[BlackElo "2234"]
[Result "0-1"]
[Round "10"]
[TimeControl "180+2"]
[Date "2023.01.10"]
[WhiteClock "0:00:07"]
[BlackClock "0:00:10"]

1. e4 c5 2. Nf3 d6 3. d4 cxd4 4. Nxd4 Nf6 5. Nc3 a6 6. a4 e6 7. Be3 Be7 8. Be2 O-O 9. O-O b6 10. f4 Qc7 11. Bf3 Bb7 12. Qe1 Nbd7 13. Qg3 d5 14. exd5 Nxd5 15. Nxd5 Bxd5 16. Bxd5 exd5 17. Nf5 Bf6 18. c3 Nc5 19. Bd4 Ne4 20. Qg4 Bxd4+ 21. cxd4 g6 22. Ne3 f5 23. Qh4 Qg7 24. Rab1 Qxd4 25. Qe1 Rad8 26. Kh1 Rfe8 27. Nc2 Qd2 28. Nb4 a5 29. Nc6 Rd6 30. Ne5 Qxe1 31. Rfxe1 d4 32. Red1 Nf2+ 33. Kg1 Nxd1 34. Rxd1 Rc8 35. h3 Rc2 36. Nd3 Kf7 37. Kh2 Re6 38. Kg3 Kf6 39. Ne5 Rxe5 40. fxe5+ Kxe5 41. Rf1 Rxb2 42. Re1+ Kd6 43. Re8 Kc5 44. Rh8 d3 45. Rxh7 d2 46. Rd7 Kc4 47. Kf4 Kc3 48. Kg5 Rb1 49. Kxg6 d1=Q 50. Rxd1 Rxd1 51. Kxf5 b5 52. g4 bxa4 53. g5 a3 54. g6 a2 55. g7 Rg1 56. g8=Q Rxg8 57. h4 a1=Q 58. h5 Qf1+ 0-1


[Site "https://www.chess.com"]

[Event "Titled Tuesday Blitz January 10 Early 2023"]
[White "Rosh Jain"]
[Black "Becerra, Juan David"]
[WhiteFideId "25789465"]
[BlackFideId "4404998"]
[WhiteElo "2248"]
[BlackElo "2382"]
[Result "1-0"]
[Round "10"]
[TimeControl "180+2"]
[Date "2023.01.10"]
[WhiteClock "0:01:27"]
[BlackClock "0:00:22"]

1. e4 e6 2. d4 d5 3. Nc3 Bb4 4. exd5 exd5 5. Qf3 Ne7 6. Bd3 Nbc6 7. Ne2 Qd6 8. Bf4 Qe6 9. O-O Bd6 10. Rfe1 Bd7 11. Ng3 Qg4 12. Qxg4 Bxg4 13. Bxd6 cxd6 14. Nxd5 Kd7 15. Nxe7 Nxe7 16. Bb5+ Kd8 17. Ne4 Nf5 18. h3 Nxd4 19. Nxd6 Nxb5 20. Nxf7+ Kc7 21. hxg4 Rhf8 22. Ne5 Rae8 23. Nd3 Nd4 24. Rxe8 Rxe8 25. Re1 Rxe1+ 26. Nxe1 Ne2+ 27. Kf1 Nf4 28. f3 Kd6 29. Kf2 Ke5 30. Nd3+ Nxd3+ 31. cxd3 Kd4 32. Ke2 g6 33. Kd2 h6 34. Ke2 b6 35. Kd2 a5 36. Ke2 b5 37. Kd2 g5 38. Ke2 b4 39. Kd2 a4 40. a3 bxa3 41. bxa3 Kd5 42. Kc3 Kc5 43. g3 Kd6 44. Kc4 Kc6 45. Kb4 Kd5 46. Kxa4 Kd4 47. f4 Kxd3 48. f5 1-0


[Site "https://www.chess.com"]

[Event "Titled Tuesday Blitz January 10 Early 2023"]
[White "Forgacs, Attila Jr."]
[Black "Schut, Han"]
[WhiteFideId "773654"]
[BlackFideId "1005561"]
[WhiteElo "2264"]
[BlackElo "2101"]
[Result "1-0"]
[Round "10"]
[TimeControl "180+2"]
[Date "2023.01.10"]
[WhiteClock "0:02:09"]
[BlackClock "0:00:05"]

1. e4 c5 2. d3 g6 3. g3 Bg7 4. Bg2 e6 5. f4 Ne7 6. Nf3 O-O 7. O-O Nbc6 8. c3 d5 9. e5 Nf5 10. g4 Nh4 11. Be3 Nxg2 12. Kxg2 b6 13. Nbd2 d4 14. cxd4 cxd4 15. Bf2 Bb7 16. Ne4 Qd7 17. Bh4 Nb4 18. Nf6+ Bxf6 19. Bxf6 Nd5 20. Kg3 Ne3 21. Qe2 Nxf1+ 22. Rxf1 Qc6 23. Qg2 Rfc8 24. Qh3 Qe8 25. Ng5 h5 26. gxh5 Rc2 27. h6 Rg2+ 28. Qxg2 Bxg2 29. h7+ 1-0


[Site "https://www.chess.com"]

[Event "Titled Tuesday Blitz January 10 Early 2023"]
[White "Rosenberg, Evan S"]
[Black "Gatterer, Florian"]
[WhiteFideId "2019299"]
[BlackFideId "811688"]
[WhiteElo "1956"]
[BlackElo "2170"]
[Result "1-0"]
[Round "10"]
[TimeControl "180+2"]
[Date "2023.01.10"]
[WhiteClock "0:01:05"]
[BlackClock "0:02:00"]

1. d4 Nf6 2. Nf3 g6 3. Nc3 Bg7 4. e4 d6 5. Be2 O-O 6. O-O a6 7. Re1 b5 8. e5 Ne8 9. Bg5 h6 10. Bh4 g5 11. Bg3 Bb7 12. e6 f5 13. h4 g4 14. Nd2 Bxd4 15. Bf4 Bg7 16. Nf1 Nf6 17. Ng3 Nd5 18. Nxd5 Bxd5 19. Qxd5 c6 20. Qd3 c5 21. Nxf5 c4 22. Qd5 Ra7 23. Nxh6+ Bxh6 24. Bxh6 Rf6 25. Qg5+ 1-0


[Site "https://www.chess.com"]

[Event "Titled Tuesday Blitz January 10 Early 2023"]
[White "De Souza, Cristiano Gomes"]
[Black "Vifleemskaia, Svetlana"]
[WhiteFideId "2151758"]
[BlackFideId "4129490"]
[WhiteElo "2018"]
[BlackElo "1971"]
[Result "0-1"]
[Round "10"]
[TimeControl "180+2"]
[Date "2023.01.10"]
[WhiteClock "0:00:34"]
[BlackClock "0:00:11"]

1. d4 Nf6 2. c4 e6 3. Nf3 Bb4+ 4. Bd2 Qe7 5. Nc3 b6 6. g3 Bb7 7. Bg2 d6 8. O-O Bxc3 9. Bxc3 O-O 10. Rc1 Be4 11. Ne1 Bxg2 12. Nxg2 e5 13. dxe5 dxe5 14. Qc2 c5 15. Rcd1 Nc6 16. e3 Rad8 17. Rxd8 Rxd8 18. Rd1 Rxd1+ 19. Qxd1 h6 20. Ne1 Qd7 21. Qxd7 Nxd7 22. f3 Kf8 23. Kf2 Ke7 24. Nd3 Ke6 25. b3 f5 26. h4 g6 27. a3 a5 28. Nb2 Ne7 29. Na4 Ng8 30. Ba1 Ngf6 31. Nc3 e4 32. f4 Kd6 33. Nb5+ Kc6 34. Bxf6 Nxf6 35. Nc3 Kd6 36. Ke2 Kc6 37. Kd2 Kd6 38. Na4 Kc6 39. Nb2 Ng4 40. Nd1 Nf6 41. Nf2 Nh5 42. g4 Nf6 43. g5 hxg5 44. fxg5 Nd7 45. Nh3 Ne5 46. h5 gxh5 47. Ke2 Kd6 48. Nf4 h4 49. Kf2 Ng4+ 50. Ke2 Ke5 51. g6 Kf6 52. Nd5+ Kxg6 53. Nxb6 h3 54. Kf1 Nxe3+ 55. Kg1 Nc2 56. Nd7 e3 57. Nxc5 e2 58. Nd3 e1=Q+ 59. Nxe1 Nxe1 60. c5 Nf3+ 61. Kh1 Nd4 62. b4 axb4 63. axb4 Kf6 64. Kh2 Ke6 65. Kxh3 Kd5 66. Kg3 Ke4 67. Kf2 f4 68. Ke1 Ke3 69. Kf1 f3 70. c6 Nxc6 71. b5 Na5 72. b6 Nb7 73. Ke1 f2+ 74. Kf1 Nc5 75. Kg2 Ke2 0-1


[Site "https://www.chess.com"]

[Event "Titled Tuesday Blitz January 10 Early 2023"]
[White "Thiel, Thomas"]
[Black "Mrudul Dehankar"]
[WhiteFideId "4615964"]
[BlackFideId "25096990"]
[WhiteElo "2234"]
[BlackElo "2030"]
[Result "0-1"]
[Round "10"]
[TimeControl "180+2"]
[Date "2023.01.10"]
[WhiteClock "0:00:19"]
[BlackClock "0:00:07"]

1. e4 c6 2. d4 d5 3. exd5 cxd5 4. c4 Nc6 5. Nc3 Nf6 6. Nf3 Bg4 7. cxd5 Nxd5 8. Qb3 Bxf3 9. gxf3 e6 10. Qxb7 Nxd4 11. Bb5+ Nxb5 12. Qxb5+ Ke7 13. Qc5+ Qd6 14. Nxd5+ exd5 15. Qe3+ Qe6 16. O-O Qxe3 17. fxe3 Ke6 18. Bd2 Bc5 19. Kf2 Rac8 20. Ke2 Rhe8 21. Kd3 f6 22. Rac1 Bb6 23. Rxc8 Rxc8 24. Rc1 Rxc1 25. Bxc1 g5 26. b4 h5 27. h3 Kf5 28. a4 a6 29. a5 Ba7 30. Bb2 Ke6 31. Bd4 Bb8 32. b5 axb5 33. a6 f5 34. a7 Bxa7 35. Bxa7 g4 36. fxg4 fxg4 37. hxg4 hxg4 38. Bb8 b4 39. Kc2 Kf5 40. Kb3 Ke4 41. Kxb4 Kxe3 42. Bc7 d4 43. Bb6 Kd3 44. Bc7 Ke2 45. Bb6 d3 46. Kc3 d2 0-1


[Site "https://www.chess.com"]

[Event "Titled Tuesday Blitz January 10 Early 2023"]
[White "Prudnykova, Olga"]
[Black "Ivanova, Karina"]
[WhiteFideId "14121093"]
[BlackFideId "24139750"]
[WhiteElo "2268"]
[BlackElo "2085"]
[Result "0-1"]
[Round "10"]
[TimeControl "180+2"]
[Date "2023.01.10"]
[WhiteClock "0:00:01"]
[BlackClock "0:00:04"]

1. e4 c6 2. d4 d5 3. exd5 cxd5 4. c4 Nf6 5. Nc3 e6 6. cxd5 Nxd5 7. Bd3 Bb4 8. Bd2 Nc6 9. Nf3 Be7 10. Bb1 O-O 11. O-O g6 12. Bh6 Re8 13. Re1 b6 14. Nxd5 Qxd5 15. Be4 Qd6 16. Ne5 Bb7 17. Rc1 Rac8 18. Bf4 Nxe5 19. Bxb7 Rxc1 20. Qxc1 Qd7 21. Ba6 Ng4 22. Qc4 Rd8 23. Be3 Nxe3 24. fxe3 Bd6 25. Rc1 Qe7 26. e4 Qg5 27. e5 Qe3+ 28. Kh1 Bf8 29. h3 Rxd4 30. Qc7 Rd7 31. Qc3 Qxc3 32. Rxc3 Bc5 33. Kh2 Bd4 34. Rc8+ Kg7 35. Bb5 Bxe5+ 36. Kg1 Rd1+ 37. Kf2 Rd2+ 38. Ke3 Rxg2 39. a4 Bxb2 40. Ra8 a5 41. Ra7 Rg3+ 42. Kf2 Rxh3 43. Be8 Bd4+ 44. Kg2 Ra3 45. Rxf7+ Kh6 46. Rf4 e5 47. Rh4+ Kg7 48. Bb5 h5 49. Re4 Kf6 50. Re2 g5 51. Rc2 Bc5 0-1


[Site "https://www.chess.com"]

[Event "Titled Tuesday Blitz January 10 Early 2023"]
[White "Mitrovic, Darko R"]
[Black "Afanasieva, Alexandra"]
[WhiteFideId "927023"]
[BlackFideId "34126926"]
[WhiteElo "2220"]
[BlackElo "1857"]
[Result "1-0"]
[Round "10"]
[TimeControl "180+2"]
[Date "2023.01.10"]
[WhiteClock "0:00:09"]
[BlackClock "0:00:13"]

1. d4 d5 2. Nf3 Nf6 3. g3 c5 4. Bg2 Nc6 5. O-O Bf5 6. c4 e6 7. cxd5 exd5 8. Nc3 h6 9. Bf4 Be7 10. dxc5 Bxc5 11. Rc1 Bb6 12. Na4 O-O 13. Nxb6 Qxb6 14. b3 Rac8 15. Be3 Qa6 16. Qd2 Rfd8 17. Nd4 Bg6 18. Nxc6 bxc6 19. Bd4 Re8 20. Bxf6 gxf6 21. e3 Be4 22. Rc5 Bxg2 23. Kxg2 Re4 24. Rfc1 Qb7 25. Qc3 Re6 26. Qd4 Qd7 27. a3 Qd6 28. b4 Re4 29. Qc3 d4 30. exd4 Rxd4 31. Rxc6 Qd5+ 32. Kh3 Qf5+ 33. Kg2 Qe4+ 34. Qf3 Rxc6 35. Qxe4 Rxe4 36. Rxc6 Rd4 37. Ra6 Kf8 38. Rxa7 Rd3 39. Ra5 Ke7 40. h4 Rb3 41. b5 Kd6 42. a4 Rb4 43. Ra6+ Ke7 44. b6 Kd7 45. a5 Kc6 46. Ra7 Rb5 47. Rc7+ Kd6 48. Ra7 Kc6 49. b7 Rxb7 50. Rxb7 Kxb7 51. Kf3 Ka6 52. Kf4 Kxa5 53. Kf5 Kb6 54. Kxf6 Kc5 55. Kxf7 Kd4 56. Kg6 Ke4 57. Kxh6 Kf3 58. h5 Kxf2 59. g4 Kg3 60. g5 Kg4 61. g6 1-0


[Site "https://www.chess.com"]

[Event "Titled Tuesday Blitz January 10 Early 2023"]
[White "Melikhov, Evgeny V."]
[Black "Tuleyeva-Aketayeva, Dana"]
[WhiteFideId "4122046"]
[BlackFideId "13701932"]
[WhiteElo "2269"]
[BlackElo "2130"]
[Result "0-1"]
[Round "10"]
[TimeControl "180+2"]
[Date "2023.01.10"]
[WhiteClock "0:00:22"]
[BlackClock "0:01:01"]

1. d4 e6 2. c4 b6 3. Nc3 Nf6 4. e4 Bb4 5. e5 Ne4 6. Qc2 Nxc3 7. bxc3 Be7 8. Nf3 Bb7 9. Bd3 Bxf3 10. gxf3 g6 11. Bh6 Bg5 12. Bxg5 Qxg5 13. Qd2 Qxd2+ 14. Kxd2 Ke7 15. Ke3 c6 16. Rab1 d6 17. f4 Nd7 18. Be4 d5 19. cxd5 cxd5 20. Bd3 Rhc8 21. Rhc1 Rc7 22. Ba6 Nb8 23. Bd3 Nd7 24. Bb5 Rac8 25. Kd3 Nb8 26. Ba4 Rc4 27. Bb3 R4c7 28. c4 dxc4+ 29. Rxc4 Rxc4 30. Bxc4 Nc6 31. Ba6 Rd8 32. Ke3 Nxd4 33. Rc1 Nf5+ 34. Ke2 Rd7 35. Bb5 Nd4+ 36. Ke3 Nxb5 0-1


[Site "https://www.chess.com"]

[Event "Titled Tuesday Blitz January 10 Early 2023"]
[White "Kornyukov, Alexey"]
[Black "Ovezdurdyyeva, Jemal"]
[WhiteFideId "4150457"]
[BlackFideId "14001888"]
[WhiteElo "2452"]
[BlackElo "2078"]
[Result "0-1"]
[Round "10"]
[TimeControl "180+2"]
[Date "2023.01.10"]
[WhiteClock "0:00:42"]
[BlackClock "0:01:16"]

1. e4 d6 2. d4 Nf6 3. Nc3 g6 4. f3 c6 5. Be3 b5 6. Qd2 h5 7. a3 a5 8. Bd3 Bb7 9. Nge2 b4 10. axb4 axb4 11. Na2 Qb6 12. d5 c5 13. O-O Bg7 14. c3 b3 15. Nb4 O-O 16. Rxa8 Bxa8 17. Ra1 Bb7 18. Bc4 Nbd7 19. Nc6 Bxc6 20. Ra6 Qb8 21. dxc6 Ne5 22. Bd5 e6 23. c7 Qxc7 24. Bxb3 Qb7 25. Qxd6 Qxb3 26. Qxe5 Qd1+ 27. Kf2 Ng4+ 28. fxg4 Bxe5 29. Bh6 Rb8 30. gxh5 Rxb2 31. Ra8+ Kh7 32. hxg6+ Kxh6 33. gxf7 Rxe2+ 34. Kf3 Qd3+ 35. Kg4 Rxe4# 0-1


[Site "https://www.chess.com"]

[Event "Titled Tuesday Blitz January 10 Early 2023"]
[White "Deev, Andrei"]
[Black "Sailer, Mike"]
[WhiteFideId "4102690"]
[BlackFideId "2012901"]
[WhiteElo "2390"]
[BlackElo "2109"]
[Result "1-0"]
[Round "10"]
[TimeControl "180+2"]
[Date "2023.01.10"]
[WhiteClock "0:00:52"]
[BlackClock "0:00:19"]

1. e4 d5 2. exd5 Qxd5 3. d4 Nc6 4. Nf3 Bg4 5. Be2 O-O-O 6. Be3 Nf6 7. O-O Kb8 8. h3 Bxf3 9. Bxf3 Qd7 10. c3 e5 11. d5 Ne7 12. c4 Nf5 13. Nc3 Nxe3 14. fxe3 Bc5 15. Qe2 Rhe8 16. Be4 Nxe4 17. Nxe4 Bf8 18. b4 f5 19. Nc5 Qf7 20. Rab1 g5 21. Qc2 f4 22. Qa4 h5 23. Qb5 Bxc5 24. bxc5 b6 25. e4 Qd7 26. c6 Qc8 27. a4 g4 28. hxg4 hxg4 29. a5 f3 30. axb6 cxb6 31. c5 fxg2 32. Rf7 Rf8 33. Rb7+ Ka8 34. Rxa7+ Kxa7 35. Ra1+ Kb8 36. Qxb6+ Qb7 37. Qxb7# 1-0


[Site "https://www.chess.com"]

[Event "Titled Tuesday Blitz January 10 Early 2023"]
[White "Broca Jimenez, Fernando"]
[Black "Clawitter, Craig"]
[WhiteFideId "5104742"]
[BlackFideId "2023105"]
[WhiteElo "2075"]
[BlackElo "2050"]
[Result "0-1"]
[Round "10"]
[TimeControl "180+2"]
[Date "2023.01.10"]
[WhiteClock "0:00:33"]
[BlackClock "0:00:11"]

1. e4 e6 2. d4 d5 3. exd5 exd5 4. Bd3 Bd6 5. Ne2 Nc6 6. c3 Qh4 7. g3 Qh5 8. Bf4 Bxf4 9. Nxf4 Qxd1+ 10. Kxd1 Nf6 11. Nd2 Ne7 12. f3 Bf5 13. Kc2 O-O-O 14. Rhe1 Rhe8 15. Re5 Bxd3+ 16. Nxd3 Ng6 17. Rxe8 Rxe8 18. Re1 Rxe1 19. Nxe1 c6 20. Nd3 b6 21. Nf1 Kd7 22. Ne3 Ne7 23. Ne5+ Ke6 24. Kd3 Ne8 25. Ng2 g5 26. h4 h6 27. h5 f6 28. Ng4 Nf5 29. N2e3 Neg7 30. a4 Nxg3 31. Nxh6 N7xh5 32. Nhg4 Nf4+ 33. Kc2 Nf5 34. b4 Nxe3+ 35. Nxe3 f5 36. Kd2 Ng6 37. Ng2 Nh4 38. Ne1 f4 39. Ke2 Kf5 40. Nd3 g4 41. Ne5 Nxf3 42. Nxf3 gxf3+ 43. Kxf3 Kg5 44. a5 bxa5 45. bxa5 a6 46. Kf2 Kg4 47. Kg2 f3+ 48. Kf2 Kf4 49. Kf1 Ke3 50. Ke1 Kd3 51. Kf2 Kxc3 52. Kxf3 Kxd4 53. Ke2 Kc4 54. Kd2 d4 55. Kc1 d3 56. Kd2 Kd4 57. Kd1 Kc3 58. Kc1 c5 59. Kd1 d2 60. Ke2 Kc2 61. Ke3 d1=Q 62. Ke4 Qd4+ 63. Kf5 c4 64. Ke6 c3 65. Kf5 Qb4 66. Ke6 Qxa5 67. Kf6 Qb4 68. Ke6 a5 69. Kf6 a4 70. Ke6 a3 71. Kf6 a2 72. Ke6 a1=Q 73. Kf6 Qaa5 74. Ke6 Qbb6+ 75. Ke7 Qaa7+ 76. Kf8 Qbb8# 0-1


[Site "https://www.chess.com"]

[Event "Titled Tuesday Blitz January 10 Early 2023"]
[White "Player, Edmund C"]
[Black "Winkels, Marcel"]
[WhiteFideId "406520"]
[BlackFideId "1003887"]
[WhiteElo "2204"]
[BlackElo "1960"]
[Result "1-0"]
[Round "10"]
[TimeControl "180+2"]
[Date "2023.01.10"]
[WhiteClock "0:00:02"]
[BlackClock "0:00:06"]

1. e4 c5 2. Nf3 d6 3. d4 cxd4 4. Nxd4 Nf6 5. Nc3 a6 6. h3 e5 7. Nde2 h5 8. Bg5 Be7 9. Qd3 Be6 10. O-O-O Nbd7 11. Kb1 O-O 12. Ng3 b5 13. a3 Rb8 14. Bxf6 Nxf6 15. Nd5 Bxd5 16. exd5 a5 17. Nf5 Nd7 18. g4 h4 19. g5 Nc5 20. Qf3 b4 21. a4 Nxa4 22. Rg1 Nc5 23. g6 fxg6 24. Rxg6 Qe8 25. Qh5 Bf6 26. Nh6+ Kh8 27. Nf7+ Kg8 28. Nxd6 Qd7 29. Nf5 e4 30. d6 Bxb2 31. Bc4+ Rf7 32. Ne7+ Kf8 33. Qh8# 1-0


[Site "https://www.chess.com"]

[Event "Titled Tuesday Blitz January 10 Early 2023"]
[White "Blokhin, Sofia"]
[Black "Muzzi, Eduardo"]
[WhiteFideId "4508190"]
[BlackFideId "3001253"]
[WhiteElo "2062"]
[BlackElo "1917"]
[Result "1-0"]
[Round "10"]
[TimeControl "180+2"]
[Date "2023.01.10"]
[WhiteClock "0:00:11"]
[BlackClock "0:00:02"]

1. d4 f5 2. c4 Nf6 3. Nc3 g6 4. g3 Bg7 5. Bg2 d6 6. Nh3 O-O 7. Nf4 Qe8 8. e3 c6 9. h4 e5 10. dxe5 dxe5 11. Nd3 Qe7 12. Qc2 f4 13. gxf4 Bf5 14. fxe5 Nfd7 15. e4 Nxe5 16. Nxe5 Qxe5 17. Be3 Be6 18. O-O-O Bxc4 19. f4 Qe6 20. b3 Na6 21. Bh3 Qf7 22. Rd7 Qf6 23. e5 Qxh4 24. Be6+ Bxe6 25. Rxg7+ Kxg7 26. Rxh4 Rad8 27. Qh2 h5 28. Qg3 Rd3 29. Ne4 Nb4 30. Ng5 Bf5 31. Rxh5 Nd5 32. Rh7+ Kg8 33. Rh8+ Kxh8 34. Qh4+ 1-0


[Site "https://www.chess.com"]